 Dungeon Crawl Stone Soup version 0.28.0-1-gb440e238dd (webtiles) character file.

Game seed: 9252598166433032638

56 Woods the Insei (level 3, 0/28 HPs)
             Began as a Gnoll Transmuter on Feb 26, 2022.
             Slain by a scorpion (7 damage)
             ... on level 2 of the Dungeon.
             The game lasted 00:02:12 (1736 turns).

Woods the Insei (Gnoll Transmuter)                  Turns: 1736, Time: 00:02:13

Health: 0/28       AC:  2    Str:  9    XL:     3   Next: 95%
Magic:  8/9        EV: 13    Int: 14    God:
Gold:   87         SH:  0    Dex: 12    Spells: 11/12 levels left

rFire   . . .      SeeInvis .     - Unarmed
rCold   . . .      Faith    .   (no shield)
rNeg    . . .      Spirit   .   a - +0 robe
rPois   .          Reflect  .   (helmet currently unavailable)
rElec   .          Harm     .   (no cloak)
rCorr   .          Rampage  .   (no gloves)
Will    .....                   (boots currently unavailable)
Stlth   ++........              (no amulet)
HPRegen 0.09/turn               (no ring)
MPRegen 0.11/turn               (no ring)

@: lethally poisoned (0 -> -4), appendages
A: horns 2, talons 2, fangs 1, strong nose, distributed training
a: End Transformation


You were on level 2 of the Dungeon.
You had temporarily grown beastly horns and talons.
You visited 1 branch of the dungeon, and saw 2 of its levels.

You collected 87 gold pieces.

Inventory:

Armour
 a - a +0 robe (worn)
Jewellery
 h - an amulet of regeneration
 k - a +6 ring of dexterity
Scrolls
 b - a scroll of brand weapon {unknown}
 c - a scroll of immolation {unknown}
 d - a scroll of identify {unknown}
 i - a scroll of teleportation {unknown}
Potions
 e - a potion of magic {unknown}
 f - 2 potions of heal wounds {unknown}
 g - a potion of resistance {unknown}
 j - a potion of brilliance {unknown}


   Skills:
 + Level 2.6 Fighting
 + Level 1.0 Short Blades
 + Level 1.0 Long Blades
 + Level 1.0 Axes
 + Level 1.0 Maces & Flails
 + Level 1.0 Polearms
 + Level 1.0 Staves
 + Level 1.0 Slings
 + Level 1.0 Bows
 + Level 1.0 Crossbows
 + Level 1.0 Throwing
 + Level 1.0 Armour
 + Level 4.6 Dodging
 + Level 1.0 Stealth
 + Level 1.0 Shields
 + Level 6.5 Unarmed Combat
 + Level 5.0 Spellcasting
 + Level 0.7 Conjurations
 + Level 0.7 Hexes
 + Level 0.7 Summonings
 + Level 0.7 Necromancy
 + Level 0.7 Translocations
 + Level 3.8 Transmutations
 + Level 0.7 Fire Magic
 + Level 0.7 Ice Magic
 + Level 0.7 Air Magic
 + Level 0.7 Earth Magic
 + Level 0.7 Poison Magic
 + Level 1.0 Invocations
 + Level 1.0 Evocations


You had 11 spell levels left.
You knew the following spells:

 Your Spells              Type           Power      Damage    Failure   Level
a - Beastly Appendage     Tmut           28%        N/A       3%          1

Your spell library contained the following spells:

 Spells                   Type           Power      Damage    Failure   Level
 Wereblood                Tmut           14%        N/A       5%          2
 Spider Form              Tmut/Pois      9%         N/A       21%         3
 Gell's Gravitas          Tloc           5%         N/A       36%         3
 Teleport Other           Tloc           5%         N/A       36%         3
 Ice Form                 Ice/Tmut       9%         N/A       56%         4
 Freezing Cloud           Conj/Ice/Air   2%         6-21      98%         5
 Dispersal                Tloc           2%         N/A       100%        6
 Simulacrum               Ice/Necr       2%         N/A       100%        6
 Polar Vortex             Ice            2%         N/A       100%        9


Dungeon Overview and Level Annotations

Branches:
Dungeon (2/15)

Altars:


Innate Abilities, Weirdness & Mutations

You have temporarily grown beastly horns and talons.
You have very sharp teeth.
Your uncanny sense of smell can sniff out nearby items.
Your experience applies equally to all skills.


Message History

You barely miss the bat. Your headbutt misses the bat.
Your bite misses the bat. The bat barely misses you.
The bat hits you but does no damage. x2
You barely miss the bat.
The hobgoblin shouts!
The bat misses you.
You barely miss the bat. The bat barely misses you.
Your transformation is almost over.
The bat barely misses you. The bat hits you but does no damage.
There is an open door here.
The bat closely misses you. The bat hits you but does no damage.
The bat barely misses you.
You see here 6 poisoned darts.
The bat closely misses you. The bat misses you. The bat closely misses you.
The bat hits you. The bat hits you.
Casting: Beastly Appendage (safe; 3% risk of failure)
Confirm with . or Enter, or press ? or * to list all spells.
You extend your transformation's duration.
The scorpion stings you.
You are poisoned.
The scorpion poisons you!
You barely miss the scorpion. You claw the scorpion.
The scorpion is lightly wounded.
You feel very sick. The scorpion barely misses you.
You hit the scorpion.
The scorpion is moderately wounded.
You feel sick. The scorpion closely misses you.
You closely miss the scorpion. Your kick misses the scorpion.
The scorpion is moderately wounded.
You feel sick. The scorpion stings you!
* * * LOW HITPOINT WARNING * * *
You hit the scorpion but do no damage. You claw the scorpion.
You headbutt the scorpion!
The scorpion is almost dead.
You feel sick. The scorpion stings you!
You die...

.'......'....#.......########
##......####.#..............#
##......# #.#..............#
##......# #.#..............#
############..###...........#
.................>..........#
#############.###.....#######
# #.###.....###########
#.#.@.....)..........
#.#s#(....###########
#.gb#.....#<..# ∆
##..#.....###.# #..#.#####
#.# # #..#+### #.####### #..
#.(....#####'#......
#..8######.....#.......#####
#.......#.....#.......#


You could see a scorpion, a hobgoblin and a bat.

Vanquished Creatures
  An adder (D:2)
  2 dart slugs (D:2)
  4 bats
  An endoplasm (D:1)
  3 giant cockroaches
  5 goblins
  4 hobgoblins
  4 kobolds
  4 quokkas
  4 ball pythons
  5 rats
37 creatures vanquished.

Vanquished Creatures (others)
  A fungus (D:1)
1 creature vanquished.

Grand Total: 38 creatures vanquished

Notes
Turn   | Place    | Note
-------+----------+-------------------------------------------
     0 | D:1      | Woods the Gnoll Transmuter began the quest for the Orb.
     0 | D:1      | Reached XP level 1. HP: 17/17 MP: 6/6
   283 | D:1      | Reached XP level 2. HP: 20/23 MP: 5/7
   507 | D:1      | Found a faded altar of an unknown god.
   934 | D:1      | Reached XP level 3. HP: 25/28 MP: 7/9
   978 | D:1      | Reached skill level 5 in Spellcasting
  1371 | D:2      | Reached skill level 1 in Invocations
  1484 | D:2      | Reached skill level 1 in Short Blades
  1484 | D:2      | Reached skill level 1 in Long Blades
  1484 | D:2      | Reached skill level 1 in Axes
  1484 | D:2      | Reached skill level 1 in Maces & Flails
  1484 | D:2      | Reached skill level 1 in Polearms
  1484 | D:2      | Reached skill level 1 in Staves
  1484 | D:2      | Reached skill level 1 in Slings
  1484 | D:2      | Reached skill level 1 in Bows
  1484 | D:2      | Reached skill level 1 in Crossbows
  1484 | D:2      | Reached skill level 1 in Throwing
  1484 | D:2      | Reached skill level 1 in Armour
  1484 | D:2      | Reached skill level 1 in Stealth
  1484 | D:2      | Reached skill level 1 in Shields
  1484 | D:2      | Reached skill level 1 in Evocations
  1715 | D:2      | Noticed a scorpion
  1736 | D:2      | Slain by a scorpion

Illustrated notes

Levels and vault maps discovered:
D:1:      dpeg_cavernosity, layout_loops_ring, hellmonk_ecumenical_altar_run_dry
D:2:      minmay_chambers_of_twos, layout_basic

Skill      XL: |  1  2  3 |
---------------+----------+-----
Spellcasting   | 5 |  5.0
Invocations    | 1 |  1.0
Short Blades   | 1 |  1.0
Long Blades    | 1 |  1.0
Axes           | 1 |  1.0
Maces & Flails | 1 |  1.0
Polearms       | 1 |  1.0
Staves         | 1 |  1.0
Slings         | 1 |  1.0
Bows           | 1 |  1.0
Crossbows      | 1 |  1.0
Throwing       | 1 |  1.0
Armour         | 1 |  1.0
Stealth        | 1 |  1.0
Shields        | 1 |  1.0
Evocations     | 1 |  1.0
Fighting       | |  2.6
Dodging        | |  4.6
Unarmed Combat | |  6.5
Conjurations   | |  0.7
Hexes          | |  0.7
Summonings     | |  0.7
Necromancy     | |  0.7
Translocations | |  0.7
Transmutations | |  3.8
Fire Magic     | |  0.7
Ice Magic      | |  0.7
Air Magic      | |  0.7
Earth Magic    | |  0.7
Poison Magic   | |  0.7

Action                   || total
-------------------------++-------
Melee: Unarmed           ||    99
       Kick              ||    15
       Bite              ||     9
       Headbutt          ||     6
       Punch             ||     4
 Cast: Beastly Appendage ||    24
Armor: Robe              ||    27
Dodge: Dodged            ||    73
